 Dungeon Crawl Stone Soup version 0.29-a0-364-g921d912d32 (webtiles) character file.

Game seed: 8132681808620464991

71835 holysushi the Warrior (level 15, -1/104 HPs)
             Began as a Kobold Enchanter on Apr 30, 2022.
             Was the Champion of Dithmenos.
             Slain by an orc warrior
             ... wielding a +0 glaive
              (12 damage)
             ... on level 1 of the Orcish Mines.
             The game lasted 01:29:07 (30704 turns).

holysushi the Warrior (Kobold Enchanter)           Turns: 30704, Time: 01:29:08

Health: -1/104     AC:  7    Str:  6    XL:     15   Next: 83%
Magic:  8/24       EV: 27    Int: 17    God:    Dithmenos [******]
Gold:   904        SH:  0    Dex: 22    Spells: 11/26 levels left

rFire   + . .      SeeInvis .   K - +5 dagger (drain)
rCold   . . .      Faith    .   (no shield)
rNeg    . . .      Spirit   .   H - +0 steam dragon scales
rPois   .          Reflect  .   N - +0 helmet
rElec   .          Harm     .   G - +0 cloak
rCorr   .          Rampage  .   (no gloves)
Will    ++...                   (no boots) Stlth ***+++++++
                                (no amulet)
HPRegen 0.27/turn               i - ring of willpower
MPRegen 0.19/turn               u - ring of protection from fire

@: confusing by touch, wreathed by umbra, studying Fighting
A: small, no large weapons, nightstalker 3
a: Renounce Religion, Shadow Step, Shadow Form


You were on level 1 of the Orcish Mines.
You worshipped Dithmenos.
Dithmenos was exalted by your worship.
You visited 4 branches of the dungeon, and saw 19 of its levels.
You also visited: Ossuary.

You collected 1879 gold pieces.
You spent 975 gold pieces at shops.

Inventory:

Hand Weapons
 K - a +5 dagger of draining (weapon)
 L - the +3 quarterstaff "Oqineyg" {elec, rElec rPois Int+4}
   (You found it on level 9 of the Dungeon)

   It occasionally discharges a powerful burst of electricity upon striking a
   foe.
   Int:       It affects your intelligence (+4).
   rElec:     It insulates you from electricity.
   rPois:     It protects you from poison.
 O - a +3 scimitar of flaming
Missiles
 o - 6 atropa-tipped darts
 s - 17 poisoned darts (quivered)
 E - 7 throwing nets
 M - 2 curare-tipped darts
Armour
 G - a +0 cloak (worn)
 H - +0 steam dragon scales (worn)
 N - a +0 helmet (worn)
 P - a +0 pair of gloves
 Z - +0 fire dragon scales
Jewellery
 h - a ring of flight
 i - a ring of willpower (left hand)
 t - a ring of ice
 u - a ring of protection from fire (right hand)
 I - a ring of wizardry
 J - the ring "Cudghu Ruorph" {*Slow AC+4 Str+4 Dex+7}
   (You found it on level 6 of the Lair of Beasts)

   [ring of protection]

   AC:        It affects your AC (+4).
   Str:       It affects your strength (+4).
   Dex:       It affects your dexterity (+7).
   *Slow:     It may slow you when you take damage.
 Y - a ring of resist corrosion
Wands
 a - a wand of polymorph (2)
 v - a wand of flame (3)
 y - a wand of mindburst (8)
 B - a wand of iceblast (18)
 R - a wand of paralysis (5)
 X - a wand of digging (2)
Scrolls
 c - 2 scrolls of vulnerability {unknown}
 d - a scroll of silence
 f - 13 scrolls of teleportation
 m - 5 scrolls of immolation {unknown}
 p - 6 scrolls of blinking {unknown}
 r - 5 scrolls of magic mapping
 w - 3 scrolls of holy word
 x - 5 scrolls of fog {unknown}
 F - 3 scrolls of amnesia
 Q - 3 scrolls of enchant armour {unknown}
 S - a scroll of brand weapon
 T - a scroll of enchant weapon
Potions
 g - 7 potions of lignification
 j - a potion of magic
 k - 6 potions of flight
 l - 8 potions of curing
 n - 3 potions of brilliance
 q - 7 potions of cancellation
 z - 3 potions of resistance
 A - 4 potions of haste
 D - 5 potions of might
 U - 2 potions of mutation
 W - a potion of berserk rage
Miscellaneous
 V - a piece from Xom's chessboard (15/15)


   Skills:
 * Level 15.7 Fighting
 + Level 13.7 Short Blades
 * Level 14.6 Dodging
 + Level 14.3 Stealth
 + Level 6.1 Spellcasting
 - Level 12.9 Hexes
 - Level 1.0 Ice Magic
 + Level 2.9 Invocations
 - Level 7.0 Evocations


You had 11 spell levels left.
You knew the following spells:

 Your Spells              Type           Power      Damage    Failure   Level
a - Ensorcelled Hibernat  Hex/Ice        56%        N/A       1%          2
b - Confusing Touch       Hex            49%        N/A       1%          3
c - Tukima's Dance        Hex            49%        N/A       1%          3
d - Dazzling Flash        Conj/Hex       54%        N/A       2%          3
e - Cause Fear            Hex            24%        N/A       1%          4

Your spell library contained the following spells:

 Spells                   Type           Power      Damage    Failure   Level
 Anguish                  Hex/Necr       13%        N/A       9%          4
 Animate Skeleton         Necr           10%        N/A       13%         1
 Beastly Appendage        Tmut           10%        N/A       13%         1
 Pain                     Necr           20%        1d5       13%         1
 Wereblood                Tmut           5%         N/A       19%         2
 Metabolic Englaciation   Hex/Ice        14%        N/A       21%         5
 Ozocubu's Armour         Ice            8%         N/A       26%         3
 Spider Form              Tmut/Pois      5%         N/A       36%         3
 Stone Arrow              Conj/Erth      10%        3d7       36%         3
 Vampiric Draining        Necr           5%         2d6       36%         3
 Animate Armour           Summ/Erth      10%        N/A       77%         4
 Simulacrum               Ice/Necr       3%         N/A       100%        6
 Dragon Form              Tmut           2%         N/A       100%        7
 Lehudib's Crystal Spear  Conj/Erth      2%         10d2      100%        8
 Dragon's Call            Summ           2%         N/A       100%        9


Dungeon Overview and Level Annotations

Branches:
Dungeon (10/15)            Temple (1/1) D:4            Lair (6/6) D:8
  Swamp (0/4) Lair:4        Snake (0/4) Lair:3        Slime (0/5) Lair:5
    Orc (2/2) D:10        Ossuary (visited)
    Elf: Orc:2

Altars:
Ashenzari
Cheibriados
Dithmenos
Elyvilon
Fedhas
Gozag
Hepliaklqana
Kikubaaqudgha
Makhleb
Nemelex Xobeh
Okawaru
Qazlal
Ru
Sif Muna
Trog
Uskayaw
Vehumet
Wu Jian
Xom
Yredelemnul
Zin
The Shining One

Shops:
D:5 *   D:6 :   D:7 *   D:9 [*   Orc:2 !![

Annotations:
Lair:3 exclusion: downstairs
Orc:1 exclusion: downstairs


Innate Abilities, Weirdness & Mutations

You are small and have problems with some larger weapons.
You are completely attuned to the shadows.


Message History

Level annotation: exclusion: downstairs
There is a stone staircase leading down, spattered with blood here.
Unknown command.
Casting: Dazzling Flash (mildly dangerous; 2% risk of failure)
Confirm with . or Enter, or press ? or * to list all spells.
Casting: Dazzling Flash (mildly dangerous; 2% risk of failure)
Press: ? - help, Dir - look around, f - activate The deep troll completely misses you.
The deep troll claws you! x2
The orc warrior completely misses you.
Unknown command.
The orc warrior completely misses you.
Items here: ( )))) [[ ÷÷ †.
Unknown command.
Casting: Dazzling Flash (mildly dangerous; 2% risk of failure)
Confirm with . or Enter, or press ? or * to list all spells.
Your hands begin to glow red.
The deep troll misses you. The deep troll claws you!
* * * LOW HITPOINT WARNING * * *
The deep troll completely misses you. The orc warrior closely misses you.
Unknown command.
You hit the deep troll but do no damage.
The deep troll misses you. The deep troll closely misses you.
The deep troll barely misses you. The orc warrior misses you.
Unknown command.
You closely miss the orc warrior.
Your shadow hits the orc warrior but does no damage.
Unknown command.
You hit the orc warrior but do no damage.
Your shadow closely misses the orc warrior.
The deep troll bites you!
* * * LOW HITPOINT WARNING * * *
The deep troll claws you.
* * * LOW HITPOINT WARNING * * *
The deep troll closely misses you. The orc warrior completely misses you.
Unknown command.
You feel much better. The deep troll bites you!
* * * LOW HITPOINT WARNING * * *
The deep troll closely misses you. The deep troll misses you.
The orc warrior hits you with a +0 glaive!
You die...

### ### ##.## ##.# #...#
##.)## ##..#### ##..[)###
....##.## #....oT)#
.....##.## #....@#####
.........####........#
...#.....##.........##
..##............#....###
...#.#.........###.....##
.#####......######......#
.###...........#........#
..##..................###
...^...#.............##


You could see a deep troll and an orc warrior.

Vanquished Creatures
  A fire dragon (Lair:5)
  Harold (D:9)
  Fannar (Lair:1)
  6 hydras
  3 ogre magi
  A boulder beetle (D:10)
  A merfolk avatar (Lair:6)
  10 two-headed ogres
  Erica (D:9)
  An orc high priest (Orc:1)
  Urug (Lair:4)
  Pikel (D:9)
  3 harpies (Lair:6)
  2 cyclopes (Orc:1)
  The ghost of Antichthon the Cutter, a novice SpEn (D:7)
  8 orc knights (Orc:1)
  An ugly thing (D:10)
  9 elephants
  5 black mambas
  Maurice (D:8)
  The ghost of snetch the Chopper, a novice MiBe of Trog (D:6)
  10 cane toads
  A gargoyle (D:10)
  An unseen horror (D:10)
  7 rime drakes
  9 komodo dragons
  4 hornets
  6 polar bears
  9 trolls
  22 blink frogs
  5 dream sheep (Lair:5)
  A centaur simulacrum (D:10)
  2 shadows (D:10)
  7 wyverns
  2 wraiths (D:10)
  55 yaks
  A vampire (D:9)
  7 steam dragons
  3 basilisks
  6 vampire mosquitoes (Lair:4)
  4 wargs
  2 nagas (Lair:3)
  4 acid dragons
  32 water moccasins
  An ice beast (D:8)
  10 orc warriors
  5 sky beasts
  8 black bears
  17 ogres
  4 centaurs
  A boggart (D:10)
  15 wolves
  A phantom (D:10)
  3 kobold brigands
  A necrophage (D:4)
  14 bullfrogs
  A gnoll sergeant (D:8)
  A scorpion (D:4)
  6 water moccasin zombies (Ossuary)
  6 wights (D:10)
  4 troll zombies (D:10)
  3 howler monkeys
  3 electric eels
  3 hounds
  A jelly (D:8)
  A gnoll shaman (D:5)
  11 orc priests
  Terence (D:2)
  12 orc wizards
  5 hell rats (Lair:5)
  4 ogre zombies (D:10)
  2 mummies (Ossuary)
  22 adders
  14 gnolls
  A shadow imp (D:6)
  A white imp (D:8)
  5 adder zombies (Ossuary)
  6 dart slugs
  38 orcs
  7 endoplasms
  5 giant cockroaches
  3 gnoll zombies (Ossuary)
  10 hobgoblins
  2 jackals (D:1)
  11 kobolds
  5 quokkas
  8 ball pythons
  5 bats
  3 frilled lizards
  4 goblins
  A goblin skeleton (D:10)
  2 goblin zombies (D:10)
  5 hobgoblin zombies
  4 kobold zombies (Ossuary)
  An orc skeleton (D:10)
  24 orc zombies
  4 rats
594 creatures vanquished.

Vanquished Creatures (collateral kills)
  An iron troll (Orc:1)
1 creature vanquished.

Vanquished Creatures (others)
  A dancing weapon (Orc:1)
  33 fungi
  112 plants
146 creatures vanquished.

Grand Total: 741 creatures vanquished

Notes
Turn   | Place    | Note
-------+----------+-------------------------------------------
     0 | D:1      | holysushi the Kobold Enchanter began the quest for the Orb.
     0 | D:1      | Reached XP level 1. HP: 10/10 MP: 3/3
    76 | D:1      | Reached XP level 2. HP: 16/16 MP: 5/5
   452 | D:1      | Learned a level 2 spell: Ensorcelled Hibernation
   533 | D:1      | Reached skill level 1 in Fighting
   584 | D:1      | Reached XP level 3. HP: 20/20 MP: 6/6
  1151 | D:2      | You fall into a shaft and drop 1 floor!
  1806 | D:2      | Reached XP level 4. HP: 25/25 MP: 7/7
  1806 | D:2      | Noticed Terence
  1809 | D:2      | Killed Terence
  2069 | D:2      | Reached skill level 1 in Ice Magic
  2265 | D:2      | Reached skill level 2 in Fighting
  2267 | D:2      | Found a basalt altar of Yredelemnul.
  2347 | D:2      | Found a faded altar of an unknown god.
  2908 | D:3      | Reached XP level 5. HP: 29/30 MP: 8/8
  3031 | D:3      | Found a sacrificial altar of Ru.
  3038 | D:3      | Became a worshipper of Ru the Awakened
  4306 | D:4      | Learned a level 3 spell: Confusing Touch
  4473 | D:4      | Found a staircase to the Ecumenical Temple.
  4829 | Temple   | Entered the Ecumenical Temple
  4957 | Temple   | Fell from the grace of Ru
  4957 | Temple   | Became a worshipper of Dithmenos the Shadowed
  5031 | D:4      | Reached skill level 5 in Short Blades
  5031 | D:4      | Reached XP level 6. HP: 35/36 MP: 5/10
  5353 | D:5      | Entered Level 5 of the Dungeon
  5516 | D:5      | Found Vezos's Serpentskin Sales.
  5516 | D:5      | Noticed a water moccasin
  5516 | D:5      | Noticed a water moccasin
  5524 | D:5      | Killed a water moccasin
  5525 | D:5      | Reached skill level 3 in Fighting
  5525 | D:5      | Reached XP level 7. HP: 26/41 MP: 11/11
  5532 | D:5      | Killed a water moccasin
  5533 | D:5      | Reached skill level 5 in Stealth
  6904 | D:6      | Noticed a troll
  6910 | D:6      | Killed a troll
  6911 | D:6      | Reached skill level 4 in Fighting
  6911 | D:6      | Reached XP level 8. HP: 48/48 MP: 7/12
  7358 | D:6      | Found a broken altar of Ashenzari.
  7376 | D:6      | Found Ysonur's Book Boutique.
  7402 | D:6      | Found a glowing golden altar of the Shining One.
  7403 | D:6      | Found a white marble altar of Elyvilon.
  7403 | D:6      | Found a glowing silver altar of Zin.
  7646 | D:6      | Noticed a yak
  7651 | D:6      | Noticed a yak
  7651 | D:6      | Noticed a yak
  7661 | D:6      | Killed a yak
  7673 | D:5      | Killed a yak
  7739 | D:6      | Killed a yak
  7740 | D:6      | Reached skill level 5 in Fighting
  7796 | D:6      | Reached XP level 9. HP: 51/54 MP: 10/13
  7866 | D:6      | Noticed snetch's ghost (novice MiBe)
  7881 | D:6      | Found a runed translucent door.
  8014 | D:6      | Reached XP level 10. HP: 59/59 MP: 14/14
  8019 | D:6      | Learned a level 3 spell: Tukima's Dance
  8023 | D:6      | Learned a level 3 spell: Dazzling Flash
  8070 | D:7      | Found Hoim's General Store.
  8079 | D:7      | Bought a scroll of enchant weapon for 75 gold pieces
  8079 | D:7      | Bought a potion of resistance for 100 gold pieces
  8093 | D:7      | Found a hide-covered altar of Uskayaw.
  8151 | D:7      | Found a sand-covered staircase.
  8157 | Ossuary  | Entered an ossuary
  8191 | Ossuary  | Reached * piety under Dithmenos
  8311 | Ossuary  | Reached skill level 1 in Evocations
  8406 | Ossuary  | Reached skill level 5 in Dodging
  8414 | Ossuary  | Reached skill level 10 in Short Blades
  8463 | D:7      | Found a runed translucent door.
  8727 | D:7      | Reached ** piety under Dithmenos
  9063 | D:7      | Identified the +1 ring mail of the Amoeba {Harm}
  9086 | D:7      | Found an ornate altar of the Wu Jian Council.
  9163 | D:7      | Noticed Antichthon's ghost (novice SpEn)
  9260 | D:8      | Found a staircase to the Lair.
  9288 | D:8      | Reached skill level 6 in Fighting
  9888 | D:8      | Noticed a five-headed hydra
  9892 | D:8      | Killed a five-headed hydra
  9893 | D:8      | Reached XP level 11. HP: 66/66 MP: 15/15
  9987 | D:8      | Noticed Maurice
  9991 | D:8      | Killed Maurice
 10011 | D:8      | Noticed a two-headed ogre
 10015 | D:8      | Killed a two-headed ogre
 10025 | D:8      | Reached skill level 7 in Fighting
 10028 | D:8      | Reached *** piety under Dithmenos
 10806 | D:9      | Identified the +3 quarterstaff "Oqineyg" {elec, rElec rPois
                  | Int+4}
 10851 | D:9      | Found Lissep's Armour Emporium.
 10852 | D:9      | Noticed Erica
 10915 | D:9      | Found Evoaczeh's General Store.
 11074 | D:9      | Noticed Harold
 11094 | D:9      | Killed Harold
 11268 | D:9      | Noticed Pikel
 11276 | D:9      | Killed Pikel
 11277 | D:9      | Reached skill level 8 in Fighting
 11749 | D:10     | Entered Level 10 of the Dungeon
 11848 | D:10     | Noticed an ogre mage
 11865 | D:10     | HP: 2/68 [something (3)]
 12118 | D:9      | Found Lissep's Armour Emporium.
 12257 | D:9      | Found Evoaczeh's General Store.
 13456 | D:9      | Killed Erica
 13457 | D:9      | Reached skill level 10 in Stealth
 13457 | D:9      | Reached XP level 12. HP: 75/75 MP: 6/16
 14015 | D:10     | Noticed a boulder beetle
 14025 | D:10     | Killed a boulder beetle
 14153 | Lair:1   | Entered Level 1 of the Lair of Beasts
 14517 | Lair:1   | Reached skill level 9 in Fighting
 14825 | Lair:1   | Identified the +5 battleaxe of Impatience {protect, rPois
                  | Dex+3}
 14833 | Lair:1   | Noticed a four-headed hydra
 14837 | Lair:1   | Killed a four-headed hydra
 15054 | Lair:1   | Reached skill level 5 in Evocations
 15072 | Lair:1   | Reached **** piety under Dithmenos
 15294 | Lair:1   | Reached skill level 10 in Dodging
 15482 | Lair:1   | Reached skill level 10 in Fighting
 15489 | Lair:1   | Reached XP level 13. HP: 82/82 MP: 17/17
 15874 | Lair:1   | Noticed Fannar
 15878 | Lair:1   | Killed Fannar
 15958 | Lair:2   | Reached ***** piety under Dithmenos
 16354 | Lair:2   | Noticed a six-headed hydra
 16358 | Lair:2   | Killed a six-headed hydra
 17119 | Lair:3   | Found a staircase to the Snake Pit.
 17193 | Lair:3   | Noticed a four-headed hydra
 17202 | Lair:3   | Killed a four-headed hydra
 17203 | Lair:3   | Reached skill level 11 in Fighting
 18229 | Lair:4   | Noticed Urug
 18850 | Lair:4   | Reached XP level 14. HP: 79/90 MP: 8/18
 19359 | Lair:4   | Learned a level 4 spell: Cause Fear
 20281 | Lair:4   | Killed Urug
 20439 | Lair:4   | Found a staircase to the Swamp.
 21098 | D:7      | Killed Antichthon's ghost
 21099 | D:7      | Reached skill level 12 in Fighting
 21165 | D:6      | Bought a manual of Fighting for 800 gold pieces
 21203 | D:6      | Killed snetch's ghost
 21672 | Lair:5   | Found a staircase to the Slime Pits.
 22700 | Lair:6   | Entered Level 6 of the Lair of Beasts
 23030 | Lair:6   | Reached skill level 13 in Fighting
 24446 | Lair:6   | Reached skill level 5 in Spellcasting
 24717 | Lair:6   | Reached XP level 15. HP: 73/100 MP: 1/22
 25536 | Lair:6   | Identified the ring "Cudghu Ruorph" {*Slow AC+4 Str+4
                  | Dex+7}
 25545 | Lair:6   | Identified the +5 trident of True Grit {elec, rN+ Will+}
 25964 | D:10     | Reached skill level 14 in Fighting
 26151 | D:10     | Found a basalt altar of Yredelemnul.
 26242 | D:10     | Found a staircase to the Orcish Mines.
 26662 | D:10     | Reached ****** piety under Dithmenos
 27772 | Orc:1    | Entered Level 1 of the Orcish Mines
 28092 | Orc:1    | Reached skill level 1 in Invocations
 28811 | Orc:1    | Reached skill level 15 in Fighting
 29073 | Orc:2    | Entered Level 2 of the Orcish Mines
 29080 | Orc:2    | Found Hiteol's Distillery.
 29733 | Orc:2    | Found Lyntaesh's Distillery.
 30528 | Orc:2    | Found Dasoutum's Armour Shop.
 30704 | Orc:1    | Slain by an orc warrior

Illustrated notes

Levels and vault maps discovered:
D:1:      tarquinn_simple_flora_water_c, layout_basic, minmay_tetromino_s2
D:2:      layout_basic, basic_altar, shapermc_ecumenical_altar_acropolis,
          hangedman_abyss_or_decor_lesser_grid, uniq_terence
D:3:      layout_basic, nicolae_ru_awakened_eye, fountainhead
D:4:      layout_rooms, minmay_temple_entry_antechambers, kennysheep_minor_cross
D:5:      layout_rooms, hex_large, guppyfry_shop_venom
D:6:      layout_rooms, good_gods_temple_1, nicolae_ashenzari_skybound,
          serial_shops, shop, hellmonk_ghost_happy_afterlife,
          minmay_misc_feat_diagonals
D:7:      layout_gridville, eat_drink_and_be_merry_uskayaw,
          kennysheep_little_box, serial_shops, nicolae_shop_window_shopping,
          ebering_ghost_reflecting_pool, nicolae_ossuary_entry_plus
D:8:      layout_basic, erik_lair_orcish_takeover, minmay_microvault,
          uniq_maurice
D:9:      layout_roguey, serial_shops, shop, nicolae_shop_window_shopping,
          hangedman_misty_isle, uniq_erica, uniq_pikel, uniq_harold
D:10:     nzn_winding_woodlands_small [nzn_winding_woodlands_5x15_longhouse,
          nzn_winding_woodlands_center_pierced_h,
          nzn_winding_woodlands_5x15_zeroes], layout_loops_ring,
          overflow_temple_1_default, zombieorc2_lemuel,
          nicolae_figureground_pulse
Temple:   nicolae_temple_great_sept
Lair:1:   lemuel_reptile_caves, layout_small_grid, beast_lair_carwin_10,
          uniq_fannar
Lair:2:   layout_concentric_octagons, nicolae_quartered_pool_super,
          grunt_megastairs_2, lemuel_fruit_fields
Lair:3:   layout_chaotic_city, guppyfry_snake_entry_island,
          beast_lair_carwin_11, grunt_megastairs_4, serial_bayou_shore_a
Lair:4:   layout_long_grid, minmay_swamp_entry_swarm, serial_bayou_shore_b,
          grunt_megastairs_1, uniq_urug
Lair:5:   dragon1_lemuel, layout_misc_corridors, slime_dummy
Lair:6:   gammafunk_lair_ancient_temple, layout_cellular_growth, serial_bayou,
          serial_bayou_pond_c, serial_bayou_pond_e, serial_bayou_pond_c,
          serial_bayou_ford_a, serial_bayou_pond_c
Orc:1:    layout_diamond_mine, guppyfry_orc_lava_fort
Orc:2:    st_orc_open, layout_caves, serial_shops, shop_coins,
          nicolae_orc_bridge_out, mines1_david

Skill      XL: |  1  2  3  4  5  6  7  8  9 10 11 12 13 14 15 |
---------------+----------------------------------------------+-----
Short Blades   | 2 3 4 5 6 7 9 10 11 12 13 | 13.7
Fighting       | 1 2 3 4 5 6 8 10 11 13 15 | 15.7
Ice Magic      | 1 |  1.0
Spellcasting   | 3 5 6 |  6.1
Stealth        | 6 7 10 11 12 13 14 | 14.3
Hexes          | 4 12 | 12.9
Dodging        | 4 6 8 10 11 13 14 | 14.6
Evocations     | 3 4 5 7 |  7.0
Invocations    | 2 |  2.9

Action                   |  1- 3 |  4- 6 |  7- 9 | 10-12 | 13-15 || total
-------------------------+-------+-------+-------+-------+-------++-------
Melee: Dagger            |    73 |   121 |    99 |   525 |  1020 ||  1838
       Punch             |       |     2 |     1 |     3 |    13 ||    19
Throw: Dart              |       |       |       |       |     3 ||     3
 Cast: Ensorcelled Hiber |       |    10 |    34 |    54 |    74 ||   172
       Confusing Touch   |       |     2 |       |    31 |    88 ||   121
       Dazzling Flash    |       |       |       |    28 |    69 ||    97
       Tukima's Dance    |       |       |       |     3 |     1 ||     4
       Cause Fear        |       |       |       |       |     2 ||     2
Evoke: Wand              |       |       |       |     3 |    15 ||    18
  Use: Scroll            |       |     9 |     3 |     6 |    13 ||    31
       Potion            |       |     3 |     1 |     4 |     6 ||    14
 Stab: Sleeping          |    27 |    19 |    18 |    96 |   147 ||   307
       Invisible         |       |     3 |     3 |    17 |    39 ||    62
       Distracted        |       |     1 |       |     5 |     5 ||    11
       Confused          |       |     2 |       |    23 |    67 ||    92
       Paralysed         |       |       |       |       |     1 ||     1
Armor: Robe              |     3 |     6 |     7 |       |       ||    16
       Troll leather arm |       |       |     3 |    31 |       ||    34
       Steam dragon scal |       |       |       |    20 |    68 ||    88
Dodge: Dodged            |    27 |    88 |    66 |   346 |   929 ||  1456

Table legend: (Time is in decaauts)
 A = Elapsed time spent in this place.
 B = Non-inter-level travel time spent in this place.
 C = Inter-level travel time spent in this place.
 D = Time resting spent in this place.
 E = Time spent auto-exploring this place.
 F = Levels seen in this place.
 G = Mean time per level.
                   A        B        C        D        E       F      G
               +--------+--------+--------+--------+--------+-----+--------+
         Total |  30051 |  28370 |   1681 |  10548 |  11880 |  20 | 1502.6 |
       Dungeon |  15586 |  14625 |    961 |   4760 |   6767 |  10 | 1558.6 |
        Temple |    138 |    138 |      0 |      0 |     88 |   1 |  138.0 |
          Lair |  11273 |  10647 |    626 |   3964 |   4594 |   6 | 1878.8 |
  Orcish Mines |   2806 |   2712 |     94 |   1750 |    430 |   2 | 1403.0 |
       Ossuary |    246 |    246 |      0 |     73 |      0 |   1 |  246.0 |
               +--------+--------+--------+--------+--------+-----+--------+

Top non-repeatable levels by time:
     D:9: 3250 daAuts
  Lair:6: 2732 daAuts
   Orc:1: 2670 daAuts
  Lair:4: 2237 daAuts
    D:10: 2049 daAuts
  Lair:3: 1897 daAuts
  Lair:1: 1775 daAuts
     D:3: 1759 daAuts
  Lair:5: 1645 daAuts
     D:6: 1411 daAuts
     D:2: 1353 daAuts
     D:5: 1322 daAuts
     D:4: 1306 daAuts
     D:8: 1274 daAuts
     D:1: 1054 daAuts
